 Dungeon Crawl Stone Soup version 0.27-a0-887-gcab673c142 (webtiles) character file.

Game seed: 2749730833824913641

107 mhtbhm the Skirmisher (level 4, 0/41 HPs)
             Began as a Minotaur Fighter on Apr 3, 2021.
             Succumbed to a goblin's poison
             ... on level 2 of the Dungeon.
             The game lasted 00:01:22 (1179 turns).

mhtbhm the Skirmisher (Minotaur Fighter)            Turns: 1179, Time: 00:01:23

Health: 0/41       AC:  4    Str: 22    XL:     4   Next: 57%
Magic:  3/3        EV:  7    Int:  5    God:
Gold:   2207       SH:  9    Dex:  9    Spells: 3/3 levels left

rFire    . . .     SeeInvis .   a - +0 war axe
rCold    + . .     Faith    .   c - +0 kite shield
rNeg     . . .     Spirit   .   b - +0 scale mail
rPois    .         Reflect  .   (helmet restricted)
rElec    .         Harm     .   (no cloak)
rCorr    .         Rampage  .   (no gloves)
Will     .....                  (no boots)
Stlth    ..........             (no amulet)
HPRegen  0.13/turn              k - ring of flight
MPRegen  0.08/turn              (no ring)

@: lethally poisoned (0 -> -8), flying
A: horns 2, retaliatory headbutt, cold resistance 1, deformed body, mutation
resistance 1
a: no special abilities


You were on level 2 of the Dungeon.
You visited 1 branch of the dungeon, and saw 2 of its levels.

You collected 2207 gold pieces.

Inventory:

Hand Weapons
 a - a +0 war axe (weapon)
Armour
 b - a +0 scale mail (worn)
 c - a +0 kite shield (worn)
Jewellery
 k - a ring of flight (left hand)
Scrolls
 f - a scroll of enchant weapon {unknown}
 g - a scroll of amnesia {unknown}
 h - 2 scrolls of enchant armour {unknown}
 i - a scroll of vulnerability {unknown}
 j - 3 scrolls of magic mapping {unknown}
Potions
 d - a potion of might
 l - a potion of degeneration {unknown}
 m - a potion of haste {unknown}


   Skills:
 + Level 4.4 Fighting
 + Level 4.3 Axes
 + Level 4.1 Armour
 + Level 0.1 Dodging
 + Level 4.2 Shields


You had 3 spell levels left.
You didn't know any spells.
Your spell library contained the following spells:

 Spells                   Type           Power      Damage    Failure   Level
 Summon Small Mammal      Summ           0%         N/A       99%         1
 Call Imp                 Summ           0%         N/A       100%        2
 Call Canine Familiar     Summ           0%         N/A       100%        3
 Summon Guardian Golem    Hex/Summ       0%         N/A       100%        3
 Summon Ice Beast         Ice/Summ       0%         N/A       100%        4
 Summon Lightning Spire   Summ/Air       0%         N/A       100%        4


Dungeon Overview and Level Annotations

Branches:
Dungeon (2/15)

Altars:
Yredelemnul

Annotations:
D:2 Robin


Innate Abilities, Weirdness & Mutations

You have a pair of horns on your head.
You reflexively headbutt those who attack you in melee.
Your flesh is cold resistant. (rC+)
Armour fits poorly on your strangely shaped body.
You are somewhat resistant to further mutation.


Message History

The goblin hits you with a +2 dagger of venom.
You are poisoned.
You block the goblin's attack.
You closely miss Robin. You headbutt Robin!
Robin is heavily wounded.
Your shield and scale mail prevent you from hitting the goblin.
You closely miss the goblin. You hit the goblin but do no damage.
You feel very sick. Robin hits you with a +0 mace.
The goblin hits you with a +0 dagger. The goblin hits you but does no damage.
You are more poisoned.
The goblin hits you but does no damage. Robin throws the goblin at you!
The goblin hits you but does no damage.
You hit Robin but do no damage.
Robin is heavily wounded.
You barely miss the goblin. x2; You closely miss the goblin.
You feel very sick.
The goblin hits you with a +2 dagger of venom.
* * * LOW HITPOINT WARNING * * *
The goblin closely misses you. You furiously retaliate!
You headbutt the goblin!
You kill the goblin!
You block Robin's attack. The goblin closely misses you.
You block the goblin's attack.
You barely miss Robin.
Robin is heavily wounded.
You barely miss the goblin.
Your scale mail prevents you from hitting the goblin.
* * * LOW HITPOINT WARNING * * *
You feel very sick. Robin throws the goblin at you!
The goblin hits you with a +0 dagger.
* * * LOW HITPOINT WARNING * * *
The goblin barely misses you. You furiously retaliate!
You headbutt the goblin, but do no damage.
Robin hits you but does no damage. You block the goblin's attack.
Unknown command.
It was a potion of mutation.
You feel extremely strange.
You feel resistant to cold.
You feel genetically stable.
Your body twists and deforms.
You die...

.#### .....####
........# ......))##
#
....._g@g#######.###
..#...).g...........
.........###.....##
.......####..#####
...###......######
.. ####.........# .
#.#######.# #.# #.#


You could see Robin and 2 goblins.

Vanquished Creatures
  Jessica (D:2)
  Terence (D:2)
  A gnoll (D:1)
  An endoplasm (D:2)
  A giant cockroach (D:1)
  6 hobgoblins
  8 jackals (D:1)
  A quokka (D:1)
  2 bats
  3 frilled lizards
  11 goblins
  2 kobolds (D:1)
  3 rats
41 creatures vanquished.

Notes
Turn   | Place    | Note
-------+----------+-------------------------------------------
     0 | D:1      | mhtbhm the Minotaur Fighter began the quest for the Orb.
     0 | D:1      | Reached XP level 1. HP: 19/19 MP: 0/0
   230 | D:1      | Reached XP level 2. HP: 21/27 MP: 1/1
   397 | D:1      | Reached XP level 3. HP: 21/33 MP: 2/2
   849 | D:1      | Identified 2 scrolls of acquirement
   849 | D:1      | Acquired 1082 gold pieces
   853 | D:1      | Acquired 1052 gold pieces
   890 | D:2      | Noticed Jessica
   908 | D:2      | Killed Jessica
   990 | D:2      | Reached XP level 4. HP: 41/41 MP: 3/3
  1053 | D:2      | Noticed Terence
  1057 | D:2      | Killed Terence
  1067 | D:2      | Found a faded altar of an unknown god.
  1163 | D:2      | Found a basalt altar of Yredelemnul.
  1168 | D:2      | Noticed Robin
  1178 | D:2      | HP: 2/41 [goblin/+0 dagger[Robin] (5)]
  1179 | D:2      | Gained mutation: Your flesh is cold resistant. (rC+)
                  | [potion of mutation]
  1179 | D:2      | Gained mutation: You are somewhat resistant to further
                  | mutation. [potion of mutation]
  1179 | D:2      | Gained mutation: Armour fits poorly on your strangely
                  | shaped body. [potion of mutation]
  1179 | D:2      | Succumbed to a goblin's poison

Illustrated notes

Levels and vault maps discovered:
D:1:      evilmike_arrival_crescent, layout_basic
D:2:      layout_rooms, basic_altar, shapermc_ecumenical_altar_gd,
          minmay_bisected, uniq_jessica, uniq_terence, uniq_robin

Skill      XL: |  1  2  3  4 |
---------------+-------------+-----
Armour         | 4 |  4.1
Fighting       | 4 |  4.4
Shields        | 4 |  4.2
Axes           | 3 4 |  4.3
Dodging        | |  0.1

Action                   |  1- 3 |  4- 6 || total
-------------------------+-------+-------++-------
Melee: War axe           |    52 |    15 ||    67
       Headbutt          |    10 |     2 ||    12
  Use: Scroll            |     2 |       ||     2
       Potion            |       |     1 ||     1
Armor: Scale mail        |    34 |    24 ||    58
Dodge: Dodged            |    15 |     5 ||    20
Block: Kite shield       |    31 |    18 ||    49

Table legend: (Time is in decaauts)
 A = Elapsed time spent in this place.
 B = Non-inter-level travel time spent in this place.
 C = Inter-level travel time spent in this place.
 D = Time resting spent in this place.
 E = Time spent auto-exploring this place.
 F = Levels seen in this place.
 G = Mean time per level.
                   A        B        C        D        E       F      G
               +--------+--------+--------+--------+--------+-----+--------+
         Total |   1217 |   1207 |     10 |      0 |   1000 |   2 |  608.5 |
       Dungeon |   1217 |   1207 |     10 |      0 |   1000 |   2 |  608.5 |
               +--------+--------+--------+--------+--------+-----+--------+

Top non-repeatable levels by time:
     D:1: 891 daAuts
     D:2: 325 daAuts
